 Dungeon Crawl Stone Soup version 0.31-a0-202-g547052bce9 (webtiles) character file.

Game seed: 7195597014190780722

638 Ayihk420 the Conjurer (level 7, -4/44 HPs)
             Began as a Tengu Reaver on June 27, 2023.
             Was a Follower of Makhleb.
             Slain by a scorpion (7 damage)
             ... on level 6 of the Dungeon.
             The game lasted 00:26:12 (6487 turns).

Ayihk420 the Conjurer (Tengu Reaver)                Turns: 6487, Time: 00:26:12

Health: -4/44      AC:  3    Str: 13    XL:     7   Next: 50%
Magic:  21/21      EV: 16    Int: 13    God:    Makhleb [*.....]
Gold:   252        SH:  0    Dex: 14    Spells: 11/12 levels left

rFire   . . .        e - +0 falchion
rCold   . . .        (no shield)
rNeg    . . .        p - +0 leather armour
rPois   .            (helmet restricted)
rElec   .            (no cloak)
rCorr   .            (no gloves)
SInv    .            (boots unavailable)
Will    .....        (no amulet)
Stlth   +            c - ring of magical power
HPRegen 0.27/turn    b - +4 ring of slaying
MPRegen 0.17/turn

%: no passive effects
@: flying quickly and evasively, quick
A: beak, talons 3, nimble flight
a: Renounce Religion


You were on level 6 of the Dungeon.
You worshipped Makhleb.
Makhleb was aware of your devotion.
You visited 1 branch of the dungeon, and saw 6 of its levels.

You collected 252 gold pieces.

Inventory:

Hand Weapons
 e - a +0 falchion (weapon)
Missiles
 d - 23 stones (quivered)
Armour
 p - a +0 leather armour (worn)
Jewellery
 b - a +4 ring of slaying (right hand)
 c - a ring of magical power (left hand)
 q - a ring of magical power
Wands
 o - a wand of flame (2)
Scrolls
 a - a scroll of fear {unknown}
 f - 2 scrolls of noise
 h - a scroll of blinking {unknown}
 i - a scroll of enchant armour {unknown}
 k - a scroll of teleportation
 n - 2 scrolls of identify {unknown}
Potions
 g - a potion of curing {unknown}
 j - 2 potions of degeneration {unknown}
 l - a potion of heal wounds
 m - a potion of ambrosia {unknown}


   Skills:
 * Level 4.3 Fighting
 * Level 5.3 Long Blades
 * Level 4.7 Dodging
 + Level 3.2 Spellcasting
 + Level 5.3 Conjurations


You had 11 spell levels left.
You knew the following spells:

 Your Spells              Type           Power      Damage    Failure   Level
a - Kiss of Death         Conj/Necr      36%        2d8       10%         1

Your spell library contained the following spells:

 Spells                   Type           Power      Damage    Failure   Level
 Magic Dart               Conj           64%        1d6       3%          1
 Momentum Strike          Conj/Tloc      18%        3d8       14%         2
 Freeze                   Ice            8%         1d3       28%         1
 Hailstorm                Conj/Ice       9%         3d4       28%         3
 Mephitic Cloud           Conj/Pois/Air  6%         N/A       38%         3
 Call Imp                 Summ           4%         N/A       41%         2
 Ensorcelled Hibernation  Hex/Ice        4%         N/A       41%         2
 Passwall                 Tmut/Erth      1%         N/A       41%         2
 Frozen Ramparts          Ice            4%         1d1       65%         3
 Swiftness                Air            2%         N/A       65%         3


Dungeon Overview and Level Annotations

Branches:
Dungeon (6/15)
 Temple: D:4-7

Altars:
Gozag
Makhleb
Qazlal
Uskayaw

Annotations:
D:5 Eustachio


Innate Abilities, Weirdness & Mutations

You have a beak for a mouth.
You have claws for feet.
Your magical nature lets you fly swiftly and evasively.


Message History

The arrow completely misses you.
The centaur shoots an arrow.
The arrow hits you!
A scorpion comes into view.
You see here a scroll labelled ZOFRAI HOEDIU.
n - 2 scrolls labelled ZOFRAI HOEDIU (gained 1)
The centaur shoots an arrow.
The arrow hits you!
The centaur shoots an arrow.
The arrow hits you.
An ogre comes into view. It is wielding a +0 giant club.
The ogre shouts!
The centaur shoots an arrow.
The arrow hits you.
There is a stone staircase leading up here. 2 humans come into view.
The human shouts!
You hear a shout!
The human shoots a sling bullet.
The sling bullet hits you.
Found a robe.
The human shoots a sling bullet.
The sling bullet hits you.
You barely miss the human.
The human shoots a sling bullet.
The sling bullet hits you.
* * * LOW HITPOINT WARNING * * *
You barely miss the human. Your peck misses the human.
A human comes into view. It is wielding a +0 sling.
The human hits you with a +0 club.
* * * LOW HITPOINT WARNING * * *
The centaur shoots an arrow.
The arrow hits you.
* * * LOW HITPOINT WARNING * * *
The human unwields a +0 sling.
The human closely misses you.
The human shoots a sling bullet.
The sling bullet hits you.
* * * LOW HITPOINT WARNING * * *
The human completely misses you.
You see here a +0 robe.
The scorpion misses you. The centaur attacks as you move away!
The centaur unwields a +0 shortbow.
The centaur hits you.
* * * LOW HITPOINT WARNING * * *
The centaur kicks you but does no damage.
The centaur wields a +0 shortbow.
The centaur shoots an arrow.
The arrow closely misses you.
An ogre comes into view. It is wielding a +0 giant spiked club.
The ogre shouts!
The scorpion attacks as you move away! The scorpion stings you!
You die...

### #.. #.#
#O# #.# #.#
#.# #@#
####s#
#..c.#
##c####
###....##.#
#....#.....#
#..[p......#
#.#.###....#
...#p# ....#


You could see an ogre, a centaur and a scorpion.

Vanquished Creatures
  Menkaure (D:4)
  A scorpion (D:4)
  A gnoll bouda (D:4)
  2 hounds (D:4)
  Jessica (D:2)
  2 iguanas
  Ijyb (D:5)
  8 adders
  7 gnolls (D:4)
  A worm (D:3)
  4 dart slugs
  4 orcs (D:5)
  8 ball pythons
  8 endoplasms
  6 giant cockroaches
  11 goblins
  10 hobgoblins
  12 jackals
  3 kobolds
  6 quokkas
  9 bats
  7 frilled lizards
  7 rats
120 creatures vanquished.

Notes
Turn   | Place    | Note
-------+----------+-------------------------------------------
     0 | D:1      | Ayihk420 the Tengu Reaver began the quest for the Orb.
     0 | D:1      | Reached XP level 1. HP: 12/12 MP: 4/4
   382 | D:1      | Reached XP level 2. HP: 17/17 MP: 6/6
   926 | D:1      | Reached XP level 3. HP: 13/22 MP: 7/7
  1918 | D:2      | Reached XP level 4. HP: 26/27 MP: 8/8
  2212 | D:2      | Noticed Jessica
  2220 | D:2      | Killed Jessica
  2503 | D:2      | Gained mutation: Your magical nature lets you fly swiftly
                  | and evasively. [Tengu growth]
  2503 | D:2      | Reached XP level 5. HP: 29/32 MP: 9/9
  3601 | D:3      | Found a burning altar of Makhleb.
  3608 | D:3      | Became a worshipper of Makhleb the Destroyer
  4051 | D:3      | Found a stormy altar of Qazlal.
  4856 | D:4      | Reached XP level 6. HP: 37/37 MP: 11/11
  4860 | D:4      | Noticed Menkaure
  4878 | D:4      | Killed Menkaure
  4997 | D:4      | Found a hide-covered altar of Uskayaw.
  5000 | D:4      | Found an opulent altar of Gozag.
  5069 | D:4      | Reached skill level 5 in Conjurations
  5187 | D:4      | Reached skill level 5 in Long Blades
  5193 | D:4      | Reached XP level 7. HP: 28/42 MP: 12/12
  6225 | D:5      | Entered Level 5 of the Dungeon
  6233 | D:5      | Noticed Ijyb
  6244 | D:5      | Killed Ijyb
  6296 | D:5      | Reached * piety under Makhleb
  6296 | D:5      | Noticed Eustachio
  6469 | D:6      | Noticed a human
  6469 | D:6      | Noticed a human
  6474 | D:6      | Noticed a human
  6483 | D:6      | HP: 2/44 [centaur (5)]
  6487 | D:6      | Slain by a scorpion

Illustrated notes

Levels and vault maps discovered:
D:1:      minmay_arrival_five_plusses, layout_loops_corners, minmay_liquid_box,
          minmay_surrounded
D:2:      layout_loops_corners, grunt_decor_junction, uniq_jessica
D:3:      minmay_razor_zed, layout_loops_corners, mainiacjoe_overflow_alcove_2,
          mainiacjoe_overflow_cross_hatched
D:4:      layout_basic, nicolae_overflow_squiral, uniq_menkaure
D:5:      layout_loops_ring, gammafunk_temple_of_torment,
          nicolae_overflow_crystal_walls, minmay_temple_entry_statues_fountains,
          uniq_eustachio, uniq_ijyb
D:6:      layout_basic, minmay_ruffians

Skill      XL: |  1  2  3  4  5  6  7 |
---------------+----------------------+-----
Dodging        | 3 4 |  4.7
Long Blades    | 4 5 |  5.3
Fighting       | 3 4 |  4.3
Spellcasting   | 3 |  3.2
Conjurations   | 5 |  5.3

Action                     |  1- 3 |  4- 6 |  7- 9 || total
---------------------------+-------+-------+-------++-------
  Melee: Falchion          |    99 |   191 |    61 ||   351
         Kick              |    21 |    43 |    18 ||    82
         Peck              |    14 |    27 |    13 ||    54
         Punch             |     1 |     3 |       ||     4
  Throw: Stone             |       |     1 |       ||     1
    Use: Scroll            |       |     4 |       ||     4
         Potion            |       |     3 |     2 ||     5
   Stab: Sleeping          |     1 |       |       ||     1
 Armour: Leather armour    |    19 |    31 |    10 ||    60
  Dodge: Dodged            |    62 |   139 |    59 ||   260

Table legend: (Time is in decaauts)
 A = Elapsed time spent in this place.
 B = Non-inter-level travel time spent in this place.
 C = Inter-level travel time spent in this place.
 D = Time resting spent in this place.
 E = Time spent auto-exploring this place.
 F = Levels seen in this place.
 G = Mean time per level.
                   A        B        C        D        E       F      G
               +--------+--------+--------+--------+--------+-----+--------+
         Total |   6264 |   5961 |    303 |   1567 |   2557 |   6 | 1044.0 |
       Dungeon |   6264 |   5961 |    303 |   1567 |   2557 |   6 | 1044.0 |
               +--------+--------+--------+--------+--------+-----+--------+

Top non-repeatable levels by time:
     D:3: 1821 daAuts
     D:1: 1425 daAuts
     D:2: 1420 daAuts
     D:4: 1351 daAuts
     D:5: 178 daAuts
     D:6: 68 daAuts
